[ AOE2 MATCH · #507133518 ]
UnrankedItalians vs Cumans
Player's team · WIN
Rival team · LOSS
[ REPLAY ANALYSIS · EXTRACTED FROM THE RECORDED GAME ]
Feudal
10:31
Castle
21:19
Imperial
—
| APM avg | 49.3 |
| APM peak | 74 |
| eAPM avg | 24.3 |
| Villagers / military | 77 / 33 |
Focus
⚔️ 30.8% · 🌾 69.2%
Genoese Crossbowman ×16 · Archer ×14 · Mangonel ×3
Feudal
8:40
Castle
25:27
Imperial
—
| APM avg | 38.9 |
| APM peak | 87 |
| eAPM avg | 23.3 |
| Villagers / military | 70 / 11 |
Focus
⚔️ 36.3% · 🌾 63.7%
Steppe Lancer ×9 · Skirmisher ×2
Match map
Initial resources + every placement click. Lines = walls · curves = elevation contours. ◆ gold · ⬟ stone · ● berries · ✦ relic · ◌ wall gap
Your base· ✓ Closed at 21:19 · 5t walls · 5 gate(s)
PuffyCarrot's base· ✓ Closed at 25:27 · 7t walls · 3 gate(s)
Smoothed initial terrain · ◌ = detected wall gap · hover for details
Inputs per minute
— Monesi28 - - PuffyCarrot
Build order — Monesi28
First 150 of 188 actions detected
| 0:00 | Queue | Villager (Male) |
| 0:01 | Queue | Villager (Male) |
| 0:01 | Queue | Villager (Male) |
| 0:01 | Queue | Villager (Male) |
| 0:02 | Build | House |
| 0:03 | Build | House |
| 1:11 | Queue | Villager (Male) |
| 1:11 | Queue | Villager (Male) |
| 1:57 | Queue | Villager (Male) |
| 2:05 | Build | Lumber Camp |
| 2:19 | Queue | Villager (Male) |
| 2:19 | Queue | Villager (Male) |
| 2:19 | Queue | Villager (Male) |
| 2:39 | Queue | Villager (Male) |
| 2:39 | Queue | Villager (Male) |
| 2:40 | Queue | Villager (Male) |
| 2:55 | Queue | Villager (Male) |
| 2:55 | Queue | Villager (Male) |
| 2:55 | Queue | Villager (Male) |
| 3:11 | Queue | Villager (Male) |
| 3:11 | Queue | Villager (Male) |
| 3:11 | Queue | Villager (Male) |
| 3:28 | Build | House |
| 3:29 | Build | House |
| 3:35 | Queue | Villager (Male) |
| 3:35 | Queue | Villager (Male) |
| 3:46 | Queue | Villager (Male) |
| 3:46 | Queue | Villager (Male) |
| 4:45 | Queue | Villager (Male) |
| 4:45 | Queue | Villager (Male) |
| 5:27 | Queue | Villager (Male) |
| 5:27 | Queue | Villager (Male) |
| 5:27 | Queue | Villager (Male) |
| 5:59 | Build | Mining Camp |
| 6:30 | Build | Mill |
| 6:45 | Queue | Villager (Male) |
| 7:18 | Build | House |
| 7:19 | Build | House |
| 7:23 | Queue | Villager (Male) |
| 7:45 | Research | Loom |
| 7:53 | Build | Mining Camp |
| 7:57 | Research | Feudal Age |
| 9:24 | Build | Barracks |
| 9:38 | Queue | Villager (Male) |
| 10:31 | Age | Feudal Age |
| 10:36 | Build | Archery Range |
| 10:55 | Queue | Villager (Male) |
| 11:01 | Queue | Villager (Male) |
| 11:04 | Build | House |
| 11:05 | Build | House |
| 11:24 | Queue | Villager (Male) |
| 11:33 | Queue | Villager (Male) |
| 11:41 | Build | Palisade Gate |
| 11:53 | Build | Palisade Wall |
| 11:57 | Queue | Archer |
| 11:57 | Queue | Archer |
| 11:58 | Queue | Villager (Male) |
| 12:00 | Research | Double-Bit Axe |
| 12:02 | Research | Horse Collar |
| 12:03 | Queue | Villager (Male) |
| 12:34 | Build | Blacksmith |
| 12:39 | Queue | Villager (Male) |
| 12:41 | Queue | Archer |
| 13:06 | Build | Watch Tower |
| 13:09 | Queue | Archer |
| 13:16 | Queue | Villager (Male) |
| 13:21 | Build | Farm |
| 13:22 | Build | Farm |
| 13:24 | Queue | Villager (Male) |
| 13:40 | Build | Palisade Wall |
| 13:43 | Build | Palisade Wall |
| 13:52 | Queue | Archer |
| 14:10 | Queue | Archer |
| 14:11 | Queue | Villager (Male) |
| 14:12 | Build | Farm |
| 14:41 | Build | Palisade Wall |
| 14:51 | Queue | Archer |
| 15:00 | Build | Watch Tower |
| 15:05 | Queue | Villager (Male) |
| 15:07 | Build | Farm |
| 15:11 | Build | Farm |
| 15:27 | Build | Farm |
| 15:33 | Build | House |
| 15:35 | Queue | Villager (Male) |
| 15:59 | Queue | Villager (Male) |
| 16:22 | Build | Farm |
| 16:31 | Build | Market |
| 16:32 | Queue | Villager (Male) |
| 16:34 | Queue | Villager (Male) |
| 16:42 | Research | Fletching |
| 17:04 | Queue | Villager (Male) |
| 17:15 | Build | Watch Tower |
| 17:20 | Build | Stone Wall |
| 17:27 | Queue | Villager (Male) |
| 17:35 | Build | House |
| 17:37 | Build | House |
| 17:39 | Build | Gate |
| 17:45 | Queue | Archer |
| 18:39 | Research | Castle Age |
| 19:20 | Build | Watch Tower |
| 19:28 | Research | Stone Mining |
| 19:48 | Queue | Archer |
| 19:48 | Queue | Archer |
| 20:10 | Queue | Archer |
| 20:11 | Queue | Villager (Male) |
| 20:47 | Build | Watch Tower |
| 21:19 | Age | Castle Age |
| 21:26 | Build | Siege Workshop |
| 21:37 | Research | Bodkin Arrow |
| 21:44 | Queue | Archer |
| 21:49 | Queue | Villager (Male) |
| 22:05 | Queue | Mangonel |
| 22:05 | Queue | Mangonel |
| 22:11 | Queue | Villager (Male) |
| 22:23 | Queue | Villager (Male) |
| 22:23 | Queue | Villager (Male) |
| 22:27 | Build | House |
| 22:27 | Build | House |
| 22:44 | Build | Outpost |
| 22:48 | Queue | Archer |
| 22:52 | Build | House |
| 23:27 | Queue | Mangonel |
| 23:30 | Queue | Villager (Male) |
| 23:32 | Build | Palisade Gate |
| 23:41 | Build | Castle |
| 23:59 | Queue | Archer |
| 24:18 | Queue | Villager (Male) |
| 24:29 | Queue | Villager (Male) |
| 24:39 | Build | Town Center |
| 24:41 | Queue | Villager (Male) |
| 25:01 | Queue | Villager (Male) |
| 25:13 | Queue | Villager (Male) |
| 25:20 | Build | Watch Tower |
| 25:27 | Queue | Villager (Male) |
| 25:42 | Queue | Villager (Male) |
| 26:22 | Build | Mining Camp |
| 26:46 | Queue | Genoese Crossbowman |
| 26:54 | Build | Palisade Wall |
| 26:58 | Queue | Villager (Male) |
| 27:29 | Queue | Villager (Male) |
| 27:31 | Queue | Villager (Male) |
| 27:31 | Queue | Villager (Male) |
| 27:31 | Queue | Villager (Male) |
| 27:57 | Queue | Genoese Crossbowman |
| 27:57 | Queue | Genoese Crossbowman |
| 27:58 | Queue | Villager (Male) |
| 27:59 | Queue | Villager (Male) |
| 28:21 | Queue | Villager (Male) |
| 28:21 | Queue | Villager (Male) |
| 28:22 | Queue | Villager (Male) |
Build order — PuffyCarrot
First 150 of 176 actions detected
| 0:02 | Queue | Villager (Male) ×4 |
| 0:02 | Build | House |
| 0:04 | Build | House |
| 1:34 | Queue | Villager (Male) |
| 2:11 | Queue | Villager (Male) |
| 2:17 | Queue | Villager (Male) |
| 3:01 | Queue | Villager (Male) |
| 3:10 | Queue | Villager (Male) |
| 3:21 | Build | Lumber Camp |
| 3:26 | Queue | Villager (Male) |
| 4:12 | Queue | Villager (Male) |
| 4:15 | Build | House |
| 4:33 | Queue | Villager (Male) |
| 5:03 | Queue | Villager (Male) |
| 5:05 | Build | Mill |
| 5:22 | Queue | Villager (Male) |
| 5:22 | Research | Loom |
| 6:05 | Research | Loom |
| 6:27 | Research | Feudal Age |
| 7:21 | Build | House |
| 8:24 | Queue | Villager (Male) |
| 8:24 | Queue | Villager (Male) |
| 8:40 | Age | Feudal Age |
| 8:41 | Build | Town Center |
| 8:53 | Research | Double-Bit Axe |
| 8:54 | Research | Horse Collar |
| 9:13 | Queue | Villager (Male) |
| 9:20 | Queue | Villager (Male) |
| 9:24 | Queue | Villager (Male) |
| 10:09 | Queue | Villager (Male) |
| 10:32 | Queue | Villager (Male) |
| 10:34 | Queue | Villager (Male) |
| 10:41 | Build | Farm |
| 10:41 | Build | Farm |
| 10:42 | Build | Farm |
| 10:42 | Build | Farm |
| 10:42 | Build | Farm |
| 10:42 | Build | Farm |
| 10:43 | Build | Farm |
| 11:06 | Queue | Villager (Male) |
| 11:25 | Build | Outpost |
| 11:33 | Queue | Villager (Male) |
| 11:37 | Queue | Villager (Male) |
| 11:39 | Build | House |
| 11:55 | Queue | Villager (Male) |
| 11:58 | Build | Palisade Wall |
| 12:10 | Build | House |
| 12:11 | Queue | Villager (Male) |
| 12:13 | Build | Farm |
| 12:14 | Build | Farm |
| 12:14 | Build | Farm |
| 12:14 | Build | Farm |
| 12:14 | Build | Farm |
| 12:15 | Build | Farm |
| 12:26 | Queue | Villager (Male) |
| 12:38 | Queue | Villager (Male) |
| 12:40 | Build | Farm |
| 12:44 | Build | Farm |
| 12:56 | Build | Outpost |
| 12:58 | Queue | Villager (Male) |
| 13:10 | Queue | Villager (Male) |
| 13:26 | Queue | Villager (Male) |
| 13:34 | Queue | Villager (Male) |
| 13:43 | Queue | Villager (Male) |
| 13:50 | Queue | Villager (Male) |
| 14:00 | Queue | Villager (Male) |
| 14:28 | Queue | Villager (Male) |
| 14:29 | Build | Palisade Wall |
| 14:34 | Build | Palisade Wall |
| 14:53 | Build | Palisade Wall |
| 14:54 | Queue | Villager (Male) |
| 15:03 | Queue | Villager (Male) |
| 15:09 | Build | House |
| 15:10 | Build | House |
| 15:11 | Build | Farm |
| 15:13 | Build | Farm |
| 15:13 | Build | Farm |
| 15:13 | Build | Farm |
| 15:14 | Build | Farm |
| 15:14 | Build | Farm |
| 15:14 | Build | Farm |
| 15:14 | Build | Farm |
| 15:19 | Queue | Villager (Male) |
| 15:23 | Build | Mining Camp |
| 15:35 | Build | House |
| 15:46 | Build | Market |
| 15:50 | Queue | Villager (Male) |
| 15:56 | Queue | Villager (Male) |
| 16:00 | Build | Farm |
| 16:02 | Build | Farm |
| 16:15 | Queue | Villager (Male) |
| 16:29 | Build | Watch Tower |
| 16:32 | Queue | Villager (Male) |
| 16:35 | Queue | Villager (Male) |
| 16:39 | Build | House |
| 16:42 | Build | Palisade Wall |
| 16:46 | Queue | Villager (Male) |
| 16:48 | Build | House |
| 16:56 | Queue | Villager (Male) |
| 17:03 | Queue | Villager (Male) |
| 17:08 | Build | Palisade Wall |
| 17:19 | Queue | Villager (Male) |
| 17:28 | Queue | Villager (Male) |
| 17:36 | Queue | Villager (Male) |
| 17:55 | Build | Watch Tower |
| 17:56 | Queue | Villager (Male) |
| 18:01 | Queue | Villager (Male) |
| 18:03 | Build | House |
| 18:04 | Build | House |
| 18:16 | Queue | Villager (Male) |
| 18:30 | Build | Blacksmith |
| 18:43 | Queue | Villager (Male) |
| 18:48 | Queue | Villager (Male) |
| 18:54 | Queue | Villager (Male) |
| 19:14 | Build | Farm |
| 19:15 | Queue | Villager (Male) |
| 19:18 | Build | Mining Camp |
| 19:23 | Research | Fletching |
| 19:35 | Queue | Villager (Male) |
| 20:13 | Build | Mill |
| 20:14 | Build | Farm |
| 20:14 | Build | Farm |
| 20:14 | Build | Farm |
| 20:15 | Build | Farm |
| 20:15 | Build | Farm |
| 20:15 | Build | Farm |
| 20:15 | Build | Farm |
| 20:15 | Build | Farm |
| 20:16 | Build | Farm |
| 20:47 | Build | Palisade Wall |
| 20:58 | Queue | Villager (Male) |
| 21:07 | Queue | Villager (Male) |
| 21:28 | Queue | Villager (Male) |
| 21:34 | Queue | Villager (Male) |
| 21:59 | Research | Wheelbarrow |
| 22:30 | Build | Lumber Camp |
| 22:47 | Research | Castle Age |
| 22:51 | Research | Gold Mining |
| 23:32 | Build | Mining Camp |
| 23:36 | Build | Barracks |
| 23:39 | Build | Farm |
| 23:40 | Build | Farm |
| 23:40 | Build | Farm |
| 23:43 | Build | Farm |
| 23:45 | Build | Farm |
| 23:48 | Build | Farm |
| 23:49 | Build | Farm |
| 24:22 | Build | Stable |
| 24:22 | Build | Stable |
| 24:25 | Queue | Villager (Male) |
Match timeline
| 8:40 | PuffyCarrot · age_up feudal |
| 9:24 | Monesi28 · first_building Barracks |
| 10:31 | Monesi28 · age_up feudal |
| 10:36 | Monesi28 · first_building Archery Range |
| 11:53 | Monesi28 · wall_segment Palisade Wall x1 |
| 11:58 | PuffyCarrot · wall_segment Palisade Wall x1 |
| 13:40 | Monesi28 · wall_segment Palisade Wall x1 |
| 13:43 | Monesi28 · wall_segment Palisade Wall x1 |
| 14:29 | PuffyCarrot · wall_segment Palisade Wall x1 |
| 14:34 | PuffyCarrot · wall_segment Palisade Wall x1 |
| 14:41 | Monesi28 · wall_segment Palisade Wall x1 |
| 14:53 | PuffyCarrot · wall_segment Palisade Wall x1 |
| 16:42 | PuffyCarrot · wall_segment Palisade Wall x1 |
| 17:08 | PuffyCarrot · wall_segment Palisade Wall x1 |
| 17:20 | Monesi28 · wall_segment Stone Wall x1 |
| 17:47 | PuffyCarrot · first_market_sell 500 wood |
| 17:48 | PuffyCarrot · first_market_buy 100 stone |
| 17:51 | Monesi28 · first_market_buy 100 food |
| 17:53 | Monesi28 · first_market_sell 100 wood |
| 20:47 | PuffyCarrot · wall_segment Palisade Wall x1 |
| 21:19 | Monesi28 · age_up castle |
| 21:26 | Monesi28 · first_building Siege Workshop |
| 23:36 | PuffyCarrot · first_building Barracks |
| 23:41 | Monesi28 · first_building Castle |
| 24:22 | PuffyCarrot · first_building Stable |
| 25:27 | PuffyCarrot · age_up castle |
| 26:54 | Monesi28 · wall_segment Palisade Wall x1 |
| 30:14 | PuffyCarrot · first_building Archery Range |
| 31:16 | PuffyCarrot · resign |
[ AI ANALYSIS · 1 CREDIT ]
What really happened in this match?
Wolo.gg analyzes every decision: build order, eco, micro, common mistakes by bracket. Personalized analysis on WhatsApp or Discord in 30 seconds.
Civ guide
Italians
Perfil
Jugador #18939139